 Dungeon Crawl Stone Soup version 0.22-a0-609-gfedc9ff (webtiles) character file.

198 Amnesiac the Magician (level 5, -2/32 HPs)
             Began as a Deep Elf Wizard on July 11, 2018.
             Slain by an ogre
             ... wielding a +0 giant club
              (6 damage)
             ... on level 4 of the Dungeon.
             The game lasted 00:05:16 (1934 turns).

Amnesiac the Magician (Deep Elf Wizard)             Turns: 1934, Time: 00:05:17

Health: -2/32      AC:  3    Str:  4    XL:     5   Next: 47%
Magic:  0/13       EV: 13    Int: 24    God:
Gold:   88         SH:  0    Dex: 13    Spells: 2/13 levels left

rFire    + . .     SeeInvis .   a - +3 short sword
rCold    . . .     Gourm    .   (no shield)
rNeg     . . .     Faith    .   c - +0 robe (curse)
rPois    .         Spirit   +   (no helmet)
rElec    .         Reflect  .   h - scarf {Spirit}
rCorr    .         Harm     +   b - +0 pair of gloves
MR       .....                  (no boots)
Stlth    ++........             p - amulet of harm
HPRegen  0.10/turn              g - ring of protection from fire
MPRegen  0.13/turn              (no ring)

@: no status effects
A: no striking features
a: no special abilities


You were on level 4 of the Dungeon.
You were not hungry.

You visited 1 branch of the dungeon, and saw 4 of its levels.

You collected 88 gold pieces.

Inventory:

Hand Weapons
 a - a +3 short sword (weapon)
Armour
 b - a +0 pair of gloves (worn)
 c - a cursed +0 robe (worn)
 h - a scarf of spirit shield (worn)
Jewellery
 g - a ring of protection from fire (left hand)
 p - an amulet of harm (around neck)
Scrolls
 e - a scroll of identify {!r, unknown}
 f - 3 scrolls of remove curse {!r, unknown}
 l - a scroll of enchant armour {!r, unknown}
 o - a scroll of blinking {!r, unknown}
Potions
 i - a potion of flight {!q, unknown}
 k - a potion of heal wounds {!q, unknown}
 n - a potion of curing {!q, unknown}
Comestibles
 d - 6 rations


   Skills:
 * Level 3.1 Fighting
 + Level 3.1 Dodging
 - Level 2.4 Stealth
 - Level 4.5 Spellcasting
 * Level 3.6 Conjurations
 - Level 1.1 Summonings
 - Level 1.1 Translocations


You had 2 spell levels left.
You knew the following spells:

 Your Spells              Type           Power        Failure   Level  Hunger
a - Magic Dart            Conj           ###.         1%          1    None
b - Call Imp              Summ           ##......     9%          2    None
e - Mephitic Cloud        Conj/Pois/Air  ##......     17%         3    ##.....
s - Conjure Flame         Conj/Fire      ##......     13%         3    ##.....
v - Blink                 Tloc           N/A          9%          2    None

Your spell library contained the following spells:

 Spells                   Type           Power        Failure   Level  Hunger
 Slow                     Hex            #.......     14%         2    None


Dungeon Overview and Level Annotations

Branches:
Dungeon (4/15)
 Temple: D:4-7

Altars:
Vehumet


Message History

Casting: Magic Dart (safe; 1% risk of failure)
Confirm with . or Enter, or press ? or * to list all spells.
You miscast Blink.
Nothing appears to happen.
The ogre hits you with a giant club!!
Ouch! That really hurt!
* * * LOW HITPOINT WARNING * * *
Casting: Blink (safe; 9% risk of failure)
Confirm with . or Enter, or press ? or * to list all spells.
You blink.
Your magical contamination has completely faded away.
There is an open door here.
Casting: Blink (safe; 9% risk of failure)
Confirm with . or Enter, or press ? or * to list all spells.
Aiming: Mephitic Cloud (safe; 17% risk of failure)
Press: ? - help, Shift-Dir - straight line, f - ogre
Aim: an ogre, wielding a giant club You miscast Mephitic Cloud.
You are very lightly contaminated with residual magic.
You feel momentarily weightless.
Things that are here:
a robe; a dagger
Things that are here:
a +1 short sword of flaming; a +0 dagger
Casting: Mephitic Cloud (safe; 17% risk of failure)
Confirm with . or Enter, or press ? or * to list all spells.
Aiming: Mephitic Cloud (safe; 17% risk of failure)
Press: ? - help, Shift-Dir - straight line, f/p - ogre
Aim: an ogre, wielding a giant club You miscast Mephitic Cloud.
Your skin tingles.
There is an open door here.
All of the chunks of flesh in your inventory have rotted away.
There is an open door here.
Casting: Mephitic Cloud (safe; 17% risk of failure)
Confirm with . or Enter, or press ? or * to list all spells.
Aiming: Mephitic Cloud (safe; 17% risk of failure)
Press: ? - help, Shift-Dir - straight line, f/p - ogre
Aim: an ogre, wielding a giant club You miscast Mephitic Cloud.
Nothing appears to happen.
Things that are here:
a +1 short sword of flaming; a +0 dagger
There is an open door here.
There is an open door here.
Casting: Mephitic Cloud (safe; 17% risk of failure)
Confirm with . or Enter, or press ? or * to list all spells.
You miscast Blink.
You feel uncomfortable. The ogre closely misses you.
There is an open door here.
There is an open door here.
There is an open door here.
There is an open door here.
Casting: Blink (safe; 9% risk of failure)
Confirm with . or Enter, or press ? or * to list all spells.
You blink.
The ogre hits you with a giant club!
* * * LOW HITPOINT WARNING * * *
There is an open door here.
Your magical contamination has completely faded away.
Things that are here:
a +1 short sword of flaming; a +0 dagger
There is an open door here.
Casting: Blink (safe; 9% risk of failure)
Confirm with . or Enter, or press ? or * to list all spells.
You blink.
The ogre hits you with a giant club!
You die...

................# #....'....
................# ##...#....
................# #...#....
.#'#######......#########[..#....
.#.......#......#......'[...#....
.#.......+......#......#....#....
.'.......#......#......#....#....
.#####..)#.....O#########...#....
.....###'#......@.......#...#....
.....#...#..............#...#....
.....#...#######........'...+....
.....#...+ #........#...#....
.....###### #........#...#....
###.......# #........#...#....
#.......# #........#...#....
#.......# #........#...#....
#.......# #........#...#....


You could see an ogre.

Vanquished Creatures
  2 orc wizards (D:4)
  A bullfrog skeleton (D:4)
  An iguana (D:4)
  4 adders
  An adder zombie (D:4)
  A dart slug (D:3)
  A leopard gecko (D:4)
  4 orcs
  2 bats (D:3)
  A giant cockroach (D:2)
  4 hobgoblins
  4 kobolds
  A quokka (D:4)
  A frilled lizard (D:3)
  7 goblins
  4 rats
39 creatures vanquished.

Vanquished Creatures (collateral kills)
  A worm (D:3)
  An orc (D:3)
2 creatures vanquished.

Grand Total: 41 creatures vanquished

Notes
Turn   | Place    | Note
-------+----------+-------------------------------------------
     0 | D:1      | Amnesiac the Deep Elf Wizard began the quest for the Orb.
     0 | D:1      | Reached XP level 1. HP: 10/10 MP: 7/7
   427 | D:2      | Reached skill level 1 in Fighting
   427 | D:2      | Reached XP level 2. HP: 16/16 MP: 5/9
   431 | D:2      | Learned a level 2 spell: Blink
   434 | D:2      | Learned a level 2 spell: Call Imp
   791 | D:3      | Reached XP level 3. HP: 21/21 MP: 1/11
   796 | D:3      | Learned a level 3 spell: Conjure Flame
   800 | D:3      | Learned a level 3 spell: Mephitic Cloud
  1300 | D:4      | Reached XP level 4. HP: 27/27 MP: 5/12
  1531 | D:4      | Reached XP level 5. HP: 23/32 MP: 0/13
  1661 | D:4      | Found a radiant altar of Vehumet.
  1786 | D:4      | Noticed an ogre
  1908 | D:4      | HP: 1/32 [ogre/giant club (14)]
  1934 | D:4      | Slain by an ogre

Vault maps used:
D:1:      mrwooster_arrival_statue, minivault_4, minmay_misc_feat_plants
D:3:      minmay_fountain_box
D:4:      nicolae_overflow_hidden_temple, first_ration

Skill      XL: |  1  2  3  4  5 |
---------------+----------------+-----
Fighting       | 1 2 3 |  3.1
Conjurations   | 2 3 |  3.6
Dodging        | 3 |  3.1
Stealth        | |  2.4
Spellcasting   | |  4.5
Summonings     | |  1.1
Translocations | |  1.1

Action                   |  1- 3 |  4- 6 || total
-------------------------+-------+-------++-------
Melee: Short sword       |     5 |     3 ||     8
 Cast: Magic Dart        |    68 |    35 ||   103
       Call Imp          |     4 |       ||     4
       Conjure Flame     |     1 |       ||     1
       Mephitic Cloud    |       |     2 ||     2
       Blink             |       |     3 ||     3
 Stab: Sleeping          |     3 |       ||     3
  Eat: Chunk             |     1 |     2 ||     3
Armor: Robe              |     2 |     2 ||     4
Dodge: Dodged            |    14 |     7 ||    21

Table legend:
 A = Spawn XP
 B = Non-spawn XP
 C = Spawn XP percentage of total XP
 D = Spawn monster count
 E = Non-spawn monster count
 F = Spawn count percentage of total count
 G = Total turns spent on level
                    A         B        C        D         E        F      G
               +---------+---------+-------+---------+---------+-------+---------
         Total |       0 |     284 |   0.0 |       0 |      41 |   0.0 |  1934
               +---------+---------+-------+---------+---------+-------+---------
           D:1 |       0 |       8 |   0.0 |       0 |       6 |   0.0 |   199
           D:2 |       0 |      12 |   0.0 |       0 |       7 |   0.0 |   409
           D:3 |       0 |      55 |   0.0 |       0 |      15 |   0.0 |   636
           D:4 |       0 |     209 |   0.0 |       0 |      13 |   0.0 |   690
               +---------+---------+-------+---------+---------+-------+---------
